 Dungeon Crawl Stone Soup version 0.27-a0-931-g5a74e75d8f (webtiles) character file.

Game seed: 9792238499087860560

1112 Alarkh the Insei (level 8, 61/68 HPs)
             Began as a Demonspawn Gladiator on Apr 10, 2021.
             Got out of the dungeon alive.
             The game lasted 00:07:07 (5367 turns).

Alarkh the Insei (Demonspawn Gladiator)             Turns: 5367, Time: 00:07:08

Health: 61/68      AC:  3    Str: 14    XL:     8   Next: 11%
Magic:  8/8        EV: 12    Int: 14    God:
Gold:   105        SH:  4    Dex: 15    Spells: 7/7 levels left

rFire    . . .     SeeInvis .     - Unarmed
rCold    . . .     Faith    .   (no shield)
rNeg     . . .     Spirit   .   a - +0 leather armour
rPois    +         Reflect  .   (no helmet)
rElec    .         Harm     .   (no cloak)
rCorr    .         Rampage  .   (no gloves)
Will     .....                  (no boots)
Stlth    +.........             (no amulet)
HPRegen  0.21/turn              (no ring)
MPRegen  0.11/turn              (no ring)

@: no status effects
A: talons 2, large bone plates 1, spiny 2, clever 1, mutation resistance 1,
poison resistance, robust 1, sturdy frame 1
a: no special abilities


You escaped.
You visited 1 branch of the dungeon, and saw 5 of its levels.

You collected 105 gold pieces.

Inventory:

Missiles
 c - 4 throwing nets (quivered)
 t - 16 poisoned darts
Armour
 a - a +0 leather armour (worn)
 b - a +0 helmet
Wands
 p - a wand of acid (4)
 s - a wand of paralysis (7)
Scrolls
 d - a scroll of holy word {unknown}
 e - a scroll of blinking {unknown}
 i - 2 scrolls of fear {unknown}
 j - a scroll of amnesia {unknown}
 k - a scroll of immolation {unknown}
 l - 2 scrolls of teleportation {unknown}
 m - a scroll of noise {unknown}
 o - 4 scrolls of identify {unknown}
Potions
 f - 2 potions of attraction {unknown}
 g - a potion of lignification
 h - 2 potions of mutation
 n - a potion of heal wounds {unknown}
 q - a potion of ambrosia
 r - 2 potions of curing {unknown}


   Skills:
 + Level 5.3 Fighting
 - Level 4.0 Throwing
 - Level 2.6 Dodging
 * Level 7.1 Unarmed Combat


You had 7 spell levels left.
You didn't know any spells.
Your spell library was empty.

Dungeon Overview and Level Annotations

Branches:
Dungeon (5/15)
 Temple: D:4-7

Altars:
Elyvilon

Annotations:
D:5 2 transporters


Innate Abilities, Weirdness & Mutations

You have razor-sharp toenails.
You are partially covered in large bone plates. (SH +4)
You are mostly covered in sharp spines.
Your mind is acute. (Int +2)
You are somewhat resistant to further mutation.
Your system is resistant to poisons. (rPois)
You are robust. (+10% HP)
Your movements are slightly less encumbered by armour. (ER -2)


Message History

Items here: )) [[ †.
Unknown command.
(D) Dungeon
Where to? (Enter - D:5, ? - help)
What level of the Dungeon? (default 1, ? - help)
You see here 22 sling bullets.
The gnoll shouts! x2; The gnoll sergeant shouts!
You hear a shout! x2
There is a stone staircase leading up here.
You climb upwards.
There is a stone staircase leading down here.
There is a stone staircase leading up here.
You climb upwards.
There is a stone staircase leading down here.
You see here 12 stones.
There is a stone staircase leading up here.
You climb upwards.
There is a stone staircase leading down here.
Key pressed, stopping travel.
There is a stone staircase leading up here.
You climb upwards.
There is a stone staircase leading down here.
Unknown command.
(D) Dungeon
Where to? (Enter - D:2 @ (x,y), ? - help)
What level of the Dungeon? (default 1, ? - help) You're already here!
You open the door.
There is an open door here.
HP restored.
You see here a +0 robe.
Key pressed, stopping travel.
You can't go up here!
Unknown command.
(D) Dungeon
Where to? (Enter - D:1 @ (x,y), ? - help)
What level of the Dungeon? (default 1, ? - help) You're already here!
There is a staircase leading out of the dungeon here.
Are you sure you want to leave the Dungeon?
This will make you lose the game!
You have escaped!

#.≈...≈.≈...≈.≈...#
#.≈≈≈.≈≈≈.≈≈≈.≈≈≈.#
#...≈>....≈..>..≈.#
##.≈≈≈.≈≈≈.≈.≈≈≈.≈.#
#..≈...≈.≈.≈.≈.≈.≈.##
#..≈≈≈≈≈.≈.≈≈≈.≈≈≈...
#........≈>.........#
#..≈≈≈≈≈.≈.≈≈≈.≈≈≈..#
#..≈@..≈.≈.≈.≈.≈.≈..#
#..≈≈≈.≈≈≈.≈.≈≈≈.≈..#
#....≈>....≈..>..≈..#
#..≈≈≈.≈≈≈.≈≈≈.≈≈≈..#
#..≈...≈.≈...≈.≈.....
#..≈≈≈≈≈.≈≈≈≈≈.≈≈≈..#
#....................
#...................#
#####################


There were no monsters in sight!

Vanquished Creatures
  A water moccasin (D:5)
  2 sky beasts
  A black bear (D:5)
  A necrophage (D:5)
  A phantom (D:5)
  2 scorpions
  A centaur zombie (D:3)
  A bullfrog skeleton (D:4)
  2 hounds
  An orc priest (D:4)
  An iguana (D:5)
  2 orc wizards (D:5)
  2 adders
  7 gnolls
  A shadow imp (D:3)
  3 worms
  6 dart slugs
  15 orcs
  7 ball pythons
  3 endoplasms
  2 giant cockroaches
  9 goblins
  8 hobgoblins
  17 jackals
  3 quokkas
  2 bats (D:1)
  2 frilled lizards (D:1)
  5 kobolds
  2 rats
110 creatures vanquished.

Vanquished Creatures (others)
  13 plants (D:5)
13 creatures vanquished.

Grand Total: 123 creatures vanquished

Notes
Turn   | Place    | Note
-------+----------+-------------------------------------------
     0 | D:1      | Alarkh the Demonspawn Gladiator began the quest for the
                  | Orb.
     0 | D:1      | Reached XP level 1. HP: 16/16 MP: 1/1
   127 | D:1      | Reached skill level 3 in Unarmed Combat
   228 | D:1      | Gained mutation: You are partially covered in sharp spines.
                  | [demonic ancestry]
   228 | D:1      | Reached XP level 2. HP: 22/22 MP: 2/2
   558 | D:1      | Reached XP level 3. HP: 11/28 MP: 3/3
  1708 | D:2      | Reached XP level 4. HP: 11/34 MP: 0/4
  2478 | D:3      | Reached skill level 4 in Unarmed Combat
  2478 | D:3      | Gained mutation: You are mostly covered in sharp spines.
                  | [demonic ancestry]
  2478 | D:3      | Reached XP level 5. HP: 31/41 MP: 5/5
  2671 | D:3      | Found a faded altar of an unknown god.
  3973 | D:4      | Gained mutation: You have sharp toenails. [demonic
                  | ancestry]
  3973 | D:4      | Reached XP level 6. HP: 26/47 MP: 6/6
  4554 | D:5      | Entered Level 5 of the Dungeon
  4569 | D:5      | Found a transporter.
  4570 | D:5      | Found a transporter.
  4626 | D:5      | Reached skill level 5 in Unarmed Combat
  4814 | D:5      | Noticed a sky beast
  4815 | D:5      | Noticed a sky beast
  4831 | D:4      | Killed a sky beast
  4832 | D:4      | Reached XP level 7. HP: 22/54 MP: 7/7
  5016 | D:5      | Identified the +8 spear of the Evening {chaos, rC+ Int+6}
  5016 | D:5      | Identified the +6 scale mail of Gytoecis {rElec rF- Int+3
                  | Stlth+}
  5016 | D:5      | Identified the +2 buckler of the Cobbler {rN+ Will- SInv}
  5080 | D:5      | Reached skill level 6 in Unarmed Combat
  5093 | D:4      | Gained mutation: Your movements are slightly less
                  | encumbered by armour. (ER -2) [potion of mutation]
  5093 | D:4      | Gained mutation: Your spells are a little easier to cast,
                  | but a little less powerful. [potion of mutation]
  5093 | D:4      | Gained mutation: You are robust. (+10% HP) [potion of
                  | mutation]
  5093 | D:4      | Gained mutation: You have a pair of small horns on your
                  | head. [potion of mutation]
  5102 | D:4      | Lost mutation: You have a pair of small horns on your head.
                  | [potion of mutation]
  5102 | D:4      | Lost mutation: Your spells are a little easier to cast, but
                  | a little less powerful. [potion of mutation]
  5102 | D:4      | Gained mutation: Your system is resistant to poisons.
                  | (rPois) [potion of mutation]
  5102 | D:4      | Gained mutation: You have razor-sharp toenails. [potion of
                  | mutation]
  5102 | D:4      | Gained mutation: Your mind is acute. (Int +2) [potion of
                  | mutation]
  5102 | D:4      | Gained mutation: You are somewhat resistant to further
                  | mutation. [potion of mutation]
  5127 | D:5      | Reached skill level 5 in Fighting
  5224 | D:5      | Reached skill level 7 in Unarmed Combat
  5224 | D:5      | Gained mutation: You are partially covered in large bone
                  | plates. (SH +4) [demonic ancestry]
  5224 | D:5      | Reached XP level 8. HP: 44/68 MP: 8/8
  5367 | D:$      | Got out of the dungeon alive.

Illustrated notes

Levels and vault maps discovered:
D:1:      evilmike_arrival_hilbert_curve, layout_basic
D:2:      layout_loops_ring
D:3:      minmay_evil_eye, layout_loops_ring, ebering_ecumenical_altar_webs
D:4:      layout_rooms, lemuel_tele_altar
D:5:      layout_cave_pools, gammafunk_ghost_gnarly_gnolls, serial_bayou_ford_a

Skill      XL: |  1  2  3  4  5  6  7 |
---------------+----------------------+-----
Throwing       | 2 3 4 |  4.0
Unarmed Combat | 3 4 5 7 |  7.1
Fighting       | 3 4 5 |  5.3
Dodging        | |  2.6

Action                   |  1- 3 |  4- 6 |  7- 9 || total
-------------------------+-------+-------+-------++-------
Melee: Unarmed           |   107 |   174 |    46 ||   327
       Punch             |     3 |     3 |     1 ||     7
       Kick              |       |    20 |    13 ||    33
  Use: Potion            |     1 |       |     3 ||     4
 Stab: Sleeping          |     1 |       |       ||     1
Armor: Leather armour    |    24 |    25 |    10 ||    59
       Skin              |     3 |       |       ||     3
Dodge: Dodged            |    61 |   100 |    37 ||   198
Block: Other             |       |       |     1 ||     1

Table legend: (Time is in decaauts)
 A = Elapsed time spent in this place.
 B = Non-inter-level travel time spent in this place.
 C = Inter-level travel time spent in this place.
 D = Time resting spent in this place.
 E = Time spent auto-exploring this place.
 F = Levels seen in this place.
 G = Mean time per level.
                   A        B        C        D        E       F      G
               +--------+--------+--------+--------+--------+-----+--------+
         Total |   5349 |   5116 |    233 |   1046 |   3327 |   5 | 1069.8 |
       Dungeon |   5349 |   5116 |    233 |   1046 |   3327 |   5 | 1069.8 |
               +--------+--------+--------+--------+--------+-----+--------+

Top non-repeatable levels by time:
     D:2: 1370 daAuts
     D:3: 1359 daAuts
     D:4: 1181 daAuts
     D:1: 934 daAuts
     D:5: 503 daAuts
